[Event "Early-Titled-Tuesday-Blitz-February-20-2024"]
[Site "Chess.com"]
[Date "2024.02.20"]
[Round "1"]
[White "CarlosjPineror"]
[Black "mary-sanna"]
[Result "1-0"]
[WhiteElo "2571"]
[BlackElo "2140"]
[TimeControl "180+1"]
[EndTime "8:06:25 PST"]
[Termination "CarlosjPineror won by checkmate"]

1. e4 c5 2. Nf3 Nc6 3. g3 g6 4. Bg2 Bg7 5. O-O Nf6 6. Nc3 O-O 7. d3 d6 8. h3 a6 9. Be3 b5 10. Qd2 Re8 11. Ne1 Bd7 12. f4 Rb8 13. Nd1 Nh5 14. Kh2 f5 15. c3 Qc8 16. Nf2 b4 17. Rc1 bxc3 18. bxc3 Nf6 19. Nf3 e5 20. fxe5 Nxe5 21. Nxe5 dxe5 22. exf5 Bxf5 23. g4 Be6 24. Ne4 Nxe4 25.
Bxe4 c4 26. Bh6 cxd3 27. Qg5 Qd8 28. Qxd8 Rexd8 29. Bg5 Rb2+ 30. Kh1 Rd7 31. c4 d2 32. Rcd1 Bxc4 33. Rf2 Rxa2 34. Rdxd2 Raxd2 35. Bxd2 Bd5 36. Bxd5+ Rxd5 37. Kg2 e4 38. Re2 Rd4 39. Be3 Rc4 40.
Bf2 a5 41. Rd2 h6 42. Rd7 a4 43. Rd8+ Kh7 44. Ra8 Rc2 45. Kf1 Ra2 46. Ra7 a3 47.
Bd4 h5 48. g5 Rh2 49. Rxg7+ Kh8 50. Rxg6+ Kh7 51. Rh6+ Kg8 52. g6 a2 53. Rh8# 1-0

[Event "Early-Titled-Tuesday-Blitz-February-20-2024"]
[Site "Chess.com"]
[Date "2024.02.20"]
[Round "1"]
[White "Me_ch_an"]
[Black "FREDERICKtheMATE"]
[Result "0-1"]
[WhiteElo "2331"]
[BlackElo "2674"]
[TimeControl "180+1"]
[EndTime "8:06:26 PST"]
[Termination "FREDERICKtheMATE won on time"]

1. e4 c6 2. d4 d5 3. Nd2 dxe4 4.
Nxe4 Nf6 5. Nxf6+ exf6 6. c3 Bd6 7. Bd3 Qc7 8. Ne2 O-O 9. Qc2 h5 10. Bd2 b5 11. O-O-O Be6 12. Kb1 Nd7 13. Ng3 h4 14. Nf5 Bxf5 15. Bxf5 Rfe8 16. g3 Nb6 17. gxh4 Bf4 18.
Rhg1 Nc4 19. Bxf4 Qxf4 20. Rg4 Qf3 21. Rdg1 Re2 22. Rxg7+ Kf8 23. Qd3 Rxb2+ 24. Ka1 Qxf2 25. R7g2 Rxa2+ 26. Kb1 Na3+ 27. Kc1 Ra1+ 28. Qb1 Rxb1+ 29. Bxb1 Qe3+ 30. Kb2 Nc4+ 31. Ka2 Ke7 0-1

[Event "Early-Titled-Tuesday-Blitz-February-20-2024"]
[Site "Chess.com"]
[Date "2024.02.20"]
[Round "1"]
[White "ilqar_74"]
[Black "ArchibaldCerveza29"]
[Result "1-0"]
[WhiteElo "2838"]
[BlackElo "2470"]
[TimeControl "180+1"]
[EndTime "8:06:27 PST"]
[Termination "ilqar_74 won by resignation"]

1. e4 b6 2. d4 Bb7 3. Nc3 g6 4. f4 Bg7 5. Nf3 d6 6. Bd3 Nd7 7. e5 e6 8. Ne4 d5 9. Nf2 c5 10.
c3 Ne7 11. Qe2 h5 12. Be3 a6 13.
Ng5 Nf5 14. Bxf5 gxf5 15. Nd3 Rc8 16. Qf2 Qe7 17. h4 Bh6 18. Qf3 Bf8 19. a3 cxd4 20. Bxd4 Nc5 21. O-O Ne4 22. Qe3 b5 23. a4 bxa4 24.
Rxa4 Qd7 25. Rfa1 Be7 26. Nb4 Bxg5 27. fxg5 Rc4 28. Ra5 O-O 29. Nxa6 Rfc8 30. Nb4 Kh7 31. Ra7 R8c7 32. Qf3 Kg6 33. Nd3 Rc8 34. Nf4+ Kg7 35. Nxh5+ Kf8 36. Nf6 Qc7 37. Qh5 Ke7 38. g6 Nxf6 39.
exf6+ Kd7 40. gxf7 Rxd4 41. cxd4 Qb6 42. Qh7 Qxd4+ 43. Kh1 Kc6 44. f8=Q Rxf8 45. Qxb7+ 1-0

[Event "Early-Titled-Tuesday-Blitz-February-20-2024"]
[Site "Chess.com"]
[Date "2024.02.20"]
[Round "1"]
[White "shailendrabajpai"]
[Black "SirGerhard"]
[Result "0-1"]
[WhiteElo "2411"]
[BlackElo "2758"]
[TimeControl "180+1"]
[EndTime "8:06:27 PST"]
[Termination "SirGerhard won on time"]

1. e4 c5 2. Nc3 d6 3. g3 g6 4.
Bg2 Bg7 5. d3 Nc6 6. Be3 Rb8 7.
Nge2 Nd4 8. O-O h5 9. h4 b5 10. b4 Bg4 11. f3 Bd7 12. bxc5 dxc5 13. Rb1 e6 14. f4 Nh6 15. e5 Ng4 16. Bf2 Nxf2 17. Rxf2 Nf5 18. Ne4 Qc7 19. Qd2 O-O 20. Bh3 Rfd8 21. Bxf5 exf5 22. Ng5 Bc6 23. Kh2 Qd7 24. Ng1 f6 25. exf6 Bxf6 26. N1f3 Re8 27. Re1 Rxe1 28. Qxe1 Re8 29. Re2 Rxe2+ 30. Qxe2 Qd5 31.
Kg1 Qxa2 32. Kf2 Qd5 33. Qe6+ Qxe6 34. Nxe6 c4 35. d4 a5 36. Ne5 Be4 37. c3 a4 38.
Nc5 a3 39. Nxe4 fxe4 0-1

[Event "Early-Titled-Tuesday-Blitz-February-20-2024"]
[Site "Chess.com"]
[Date "2024.02.20"]
[Round "1"]
[White "Lennis93"]
[Black "elchacal664"]
[Result "1-0"]
[WhiteElo "2698"]
[BlackElo "2369"]
[TimeControl "180+1"]
[EndTime "8:06:27 PST"]
[Termination "Lennis93 won on time"]

1. d4 Nf6 2. c4 e6 3. Nf3 c5 4. d5 exd5 5. cxd5 d6 6. Nc3 g6 7. Bf4 Bg7 8. Qa4+ Bd7 9. Qb3 Bc8 10. h3 O-O 11. e3 a6 12. a4 Re8 13. Bd3 Qc7 14. Nd2 Nh5 15. Bh2 Nd7 16. Be2 Ne5 17. Bxh5 gxh5 18. O-O f5 19. Ne2 Ng6 20. Nc4 Ne5 21.
Nf4 Nxc4 22. Qxc4 Qf7 23. Rab1 Be5 24. b4 b6 25. bxc5 bxc5 26. Rb6 Re7 27. Rfb1 Rea7 28. a5 Qc7 29. Qe2 Bxf4 30. Bxf4 h4 31. Bxd6 Qf7 32. Qf3 Bb7 33. Rd1 Rd8 34. Qf4 Qg6 35. Bxc5 Qg7 36. Bd4 Qf7 37. Qg5+ Kf8 38. Qxd8+ 1-0

[Event "Early-Titled-Tuesday-Blitz-February-20-2024"]
[Site "Chess.com"]
[Date "2024.02.20"]
[Round "1"]
[White "Licancabur"]
[Black "GelmanAlexander"]
[Result "0-1"]
[WhiteElo "2421"]
[BlackElo "2767"]
[TimeControl "180+1"]
[EndTime "8:06:28 PST"]
[Termination "GelmanAlexander won on time"]

1. d4 Nf6 2. Bg5 c5 3. Nc3 cxd4 4. Qxd4 Nc6 5. Qh4 e6 6. e4 Be7 7. O-O-O d6 8. f4 Qa5 9. Nf3 a6 10. Kb1 h6 11. a3 Rg8 12. Bxf6 Bxf6 13. Qe1 Bxc3 14. Qxc3 Qxc3 15. bxc3 Ke7 16. Nd4 Bd7 17. Kb2 g5 18. g3 gxf4 19. gxf4 Rg4 20. Ne2 Na5 21. Rg1 Rh4 22. h3 Nc4+ 23. Kb3 Rc8 24. Nd4 Na5+ 25. Kb2 Rxf4 26. Bd3 Nc4+ 27. Bxc4 Rxc4 28. Rde1 e5 29. Nf5+ Bxf5 30. exf5 Rxf5 31.
Rg8 Rf3 32. Rb8 Rfxc3 33. Rxb7+ Ke6 34. Re2 Rxh3 35. Ra7 Rc6 36. Rf2 f5 37. Rg2 f4 38.
Rg6+ Kd5 39. a4 Rh2 40. Kb3 Rhxc2 41. Rxh6 f3 0-1

[Event "Early-Titled-Tuesday-Blitz-February-20-2024"]
[Site "Chess.com"]
[Date "2024.02.20"]
[Round "1"]
[White "LaPiToB"]
[Black "BilicVladimir"]
[Result "0-1"]
[WhiteElo "2309"]
[BlackElo "2646"]
[TimeControl "180+1"]
[EndTime "8:06:29 PST"]
[Termination "BilicVladimir won by resignation"]

1. d4 d5 2. c4 c6 3. Nc3 Nf6 4.
e3 a6 5. Nf3 b5 6. b3 Bg4 7.
Be2 e6 8. O-O Nbd7 9. a4 b4 10.
Nb1 c5 11. Nbd2 Be7 12. Bb2 O-O 13. Rc1 dxc4 14. Nxc4 Nd5 15. h3 Bh5 16. Nfe5 Bxe2 17.
Qxe2 Nxe5 18. Nxe5 cxd4 19. Bxd4 Bf6 20. Nc6 Qd7 21. Bxf6 gxf6 22. Rfd1 Rfc8 23. Nxb4 Rxc1 24.
Rxc1 Nxb4 25. Qg4+ Kh8 26. Qxb4 a5 27. Qf4 Kg7 28. Rc7 Qd1+ 29. Kh2 Qh5 30. g3 Rd8 31. Kg2 Rd3 32. Qc4 Rd5 33. Qc6 Qe5 34. Rc8 Qe4+ 35. Kh2 Qf3 0-1

[Event "Early-Titled-Tuesday-Blitz-February-20-2024"]
[Site "Chess.com"]
[Date "2024.02.20"]
[Round "1"]
[White "agvania123"]
[Black "PavelShkapenko"]
[Result "1/2-1/2"]
[WhiteElo "2396"]
[BlackElo "2711"]
[TimeControl "180+1"]
[EndTime "8:06:30 PST"]
[Termination "Game drawn by repetition"]

1. e4 e5 2. Nc3 Nf6 3. g3 Bc5 4. Bg2 Nc6 5. d3 a5 6. h3 d6 7. Nge2 Be6 8. O-O a4 9. a3 d5 10. exd5 Nxd5 11. Nxd5 Bxd5 12. Nc3 Bxg2 13. Kxg2 O-O 14.
Be3 Nd4 15. Bxd4 Bxd4 16. Qf3 Ra6 17. Rab1 Qd7 18. Qd5 Rd6 19. Qxb7 Rh6 20. h4 g5 21. Qd5 Rd6 22. Qe4 f5 23. Qe2 gxh4 24. Rh1 hxg3 25.
fxg3 Rg6 26. Qf3 f4 27. Ne4 fxg3 28. Qh5 Rf7 29. Rbf1 Rxf1 30. Rxf1 Kg7 31. Qh4 Qe8 32. Rf6 Bxb2 33. Rxg6+ Qxg6 34. Qe7+ Qf7 35. Qg5+ Qg6 36.
Qe7+ Qf7 37. Qg5+ Qg6 38. Qe7+ 1/2-1/2

[Event "Early-Titled-Tuesday-Blitz-February-20-2024"]
[Site "Chess.com"]
[Date "2024.02.20"]
[Round "1"]
[White "martinmena"]
[Black "KnobbedHornbill"]
[Result "0-1"]
[WhiteElo "2191"]
[BlackElo "2589"]
[TimeControl "180+1"]
[EndTime "8:06:30 PST"]
[Termination "KnobbedHornbill won by resignation"]

1. c4 Nf6 2. Nc3 e5 3. g3 g6 4.
Bg2 Bg7 5. d3 O-O 6. e4 Nc6 7.
Nge2 d6 8. h3 Nh5 9. O-O f5 10.
exf5 gxf5 11. f4 Kh8 12. Nd5 Be6 13. Nd4 Nxd4 14. Qxh5 c6 15. Nc3 Bf7 16. Qd1 Qc7 17.
Kh2 Rae8 18. Be3 exf4 19. Bxf4 Ne6 20. Be3 Bg6 21. Qd2 f4 22. Bxf4 Nxf4 23. Rxf4 Rxf4 24. gxf4 Qf7 25. Rf1 Bd4 26. Ne4 d5 27. Ng5 Qf5 28.
Qd1 Be3 29. Qg4 Qxg4 30. hxg4 Bxd3 31. Re1 Bxf4+ 32. Kg1 Rxe1+ 33. Kf2 Re2+ 34. Kf3 Bxg5 0-1

[Event "Early-Titled-Tuesday-Blitz-February-20-2024"]
[Site "Chess.com"]
[Date "2024.02.20"]
[Round "1"]
[White "Atousa"]
[Black "DuleMudule"]
[Result "0-1"]
[WhiteElo "2477"]
[BlackElo "2857"]
[TimeControl "180+1"]
[EndTime "8:06:33 PST"]
[Termination "DuleMudule won by resignation"]

1. e4 c5 2. Nf3 Nc6 3. d4 cxd4 4. Nxd4 Qc7 5. Be2 Nf6 6. Nc3 e6 7. O-O a6 8. Be3 Bb4 9. Na4 Be7 10. c4 Nxe4 11.
c5 O-O 12. Rc1 Rb8 13. Bf3 f5 14. Bxe4 fxe4 15. Qc2 e5 16. Ne2 d5 17. cxd6 Qxd6 18. Qxe4 Bf5 19. Qc4+ Kh8 20. Qc3 Qg6 21. Ng3 Bb4 22. Qb3 Be6 23. Qc2 Qxc2 24. Rxc2 Bxa2 25. Nc5 Bxc5 26. Bxc5 Rfd8 27. f3 Nd4 28. Bxd4 exd4 29. Ne4 Bb3 30. Rd2 Rbc8 31. Kf2 a5 32. Re1 a4 33.
Ng5 b5 34. Ne6 Bxe6 35. Rxe6 h6 36. Rb6 Rd5 37. Ke2 Rc4 38. Kd3 Rb4 39. Rb7 Re5 40. Rd7 Re3+ 41. Kc2 Rc4+ 42. Kb1 Re1+ 43. Ka2 b4 44.
R7xd4 b3+ 0-1

[Event "Early-Titled-Tuesday-Blitz-February-20-2024"]
[Site "Chess.com"]
[Date "2024.02.20"]
[Round "1"]
[White "gpsji27"]
[Black "sofaceindisguise"]
[Result "0-1"]
[WhiteElo "2308"]
[BlackElo "2643"]
[TimeControl "180+1"]
[EndTime "8:06:33 PST"]
[Termination "sofaceindisguise won by resignation"]

1. d4 Nf6 2. Nf3 g6 3. Bg5 Bg7 4. c4 O-O 5. Nc3 d6 6. e3 c5 7. d5 Qa5 8. Bd3 b5 9. O-O bxc4 10. Bxc4 Bg4 11. h3 Bxf3 12. Qxf3 Nbd7 13. Bf4 Rab8 14. Bb3 c4 15. Bxc4 Rxb2 16. Rac1 Rc8 17. Ne4 Nxe4 18.
Qxe4 Qd8 19. Bb3 Nc5 20. Qc4 Rb8 21. Rb1 Rxb1 22. Rxb1 a5 23. Bc2 Rxb1+ 24. Bxb1 Qb6 25. Bc2 Qb2 26. e4 Qa1+ 27. Kh2 Be5 28. Bxe5 Qxe5+ 29. g3 Kg7 30. Ba4 Nxe4 31. Kg2 Nf6 32. Bd7 h5 33. Bc6 g5 34. Qa4 Qc3 35. Qb5 g4 36.
hxg4 hxg4 37. Qe2 Qd4 38. Qxe7 Ne4 0-1

[Event "Early-Titled-Tuesday-Blitz-February-20-2024"]
[Site "Chess.com"]
[Date "2024.02.20"]
[Round "1"]
[White "DefiantChair"]
[Black "Agentxya"]
[Result "1-0"]
[WhiteElo "2578"]
[BlackElo "2163"]
[TimeControl "180+1"]
[EndTime "8:06:33 PST"]
[Termination "DefiantChair won by resignation"]

1. e4 e5 2. Nf3 Nc6 3. Bb5 Nf6 4.
d3 Bc5 5. c3 O-O 6. O-O d6 7.
h3 a6 8. Ba4 b5 9. Bc2 Bb6 10.
a4 Bb7 11. Bg5 h6 12. Be3 Bxe3 13. fxe3 d5 14. exd5 Nxd5 15. e4 Ne3 16. Qe2 Nxf1 17. Kxf1 Qe7 18. Nbd2 Nd8 19. Kg1 c5 20. Nf1 Qd6 21. Ne3 g6 22. Rf1 Ne6 23. g3 Kg7 24. Nh4 Qd7 25. Qg4 Kh7 26. axb5 axb5 27. Bb3 Bc8 28. Nd5 Ng5 29. Nf6+ Kg7 30. Nxd7 Ra7 31.
Nxg6 Bxd7 32. Qe2 fxg6 33. Rxf8 Kxf8 34. h4 Nf7 35. Qf2 Be8 36. Qxc5+ Kg7 37. Qxa7 g5 38. Bxf7 Bxf7 39. hxg5 hxg5 40. Kf2 Kg6 41. Ke3 Be6 42. d4 Bd5 43. exd5 exd4+ 44. Kxd4 1-0

[Event "Early-Titled-Tuesday-Blitz-February-20-2024"]
[Site "Chess.com"]
[Date "2024.02.20"]
[Round "1"]
[White "DishonorOnYourCow"]
[Black "waspofborneo"]
[Result "1-0"]
[WhiteElo "2590"]
[BlackElo "2192"]
[TimeControl "180+1"]
[EndTime "8:06:35 PST"]
[Termination "DishonorOnYourCow won on time"]

1. d4 Nf6 2. c4 g6 3. Nc3 d5 4. cxd5 Nxd5 5. e4 Nxc3 6. bxc3 Bg7 7. Bc4 c5 8. Ne2 O-O 9. O-O Nd7 10. Be3 Qc7 11. Rc1 b6 12. d5 a6 13. f4 b5 14.
Bd3 c4 15. Bc2 Nc5 16. Bd4 Bg4 17. Bxg7 Bxe2 18. Qxe2 Kxg7 19. Rcd1 Nd7 20. h3 f6 21. Qg4 Rab8 22. h4 a5 23. h5 b4 24. hxg6 hxg6 25. e5 f5 26. Qf3 Rg8 27. d6 Qc5+ 28. Qf2 e6 29. Qxc5 Nxc5 30. Rd4 b3 31. Bb1 Rgc8 32. Rxc4 a4 33. axb3 axb3 34. Rd1 Nd7 35. Rc7 1-0

[Event "Early-Titled-Tuesday-Blitz-February-20-2024"]
[Site "Chess.com"]
[Date "2024.02.20"]
[Round "1"]
[White "pfalcon1949"]
[Black "WilsonPalencia21"]
[Result "0-1"]
[WhiteElo "1977"]
[BlackElo "2543"]
[TimeControl "180+1"]
[EndTime "8:06:37 PST"]
[Termination "WilsonPalencia21 won by checkmate"]

1. e4 c5 2. Nf3 d6 3. d4 cxd4 4. Nxd4 Nf6 5. Nc3 g6 6. Be3 Bg7 7. f3 O-O 8. Bc4 Nc6 9. Qe2 Bd7 10. O-O-O Rc8 11. Bb3 Ne5 12. h4 h5 13. Kb1 Qa5 14.
g4 hxg4 15. f4 Nc6 16. f5 gxf5 17. exf5 Ne5 18. Qd2 Rxc3 19. bxc3 Ne4 20. Qc1 Nxc3+ 21. Kb2 Nf3 22. Bh6 Nxd1+ 23. Rxd1 Bxh6 24. Qxh6 Qe5 25. c3 Rc8 26. Qg6+ Qg7 27. Bxf7+ Kf8 28. Ne6+ Bxe6 29.
fxe6 Qxc3+ 30. Kb1 Nd2+ 31. Rxd2 Qc1# 0-1

[Event "Early-Titled-Tuesday-Blitz-February-20-2024"]
[Site "Chess.com"]
[Date "2024.02.20"]
[Round "1"]
[White "LeoLV10"]
[Black "Chessmissile07"]
[Result "1/2-1/2"]
[WhiteElo "2510"]
[BlackElo "2893"]
[TimeControl "180+1"]
[EndTime "8:06:38 PST"]
[Termination "Game drawn by repetition"]

1. e4 a6 2. d4 e6 3. Bd3 d5 4. e5 Bd7 5. c3 c5 6. Nf3 Bb5 7. Bc2 cxd4 8. cxd4 Bb4+ 9. Bd2 Bxd2+ 10. Qxd2 Ne7 11.
Nc3 Qb6 12. Nxb5 Qxb5 13. Bd3 Qb6 14. O-O Nbc6 15. Rad1 O-O 16. a3 Rac8 17. b4 Rc7 18. Qf4 Ng6 19. Qg4 Nce7 20. h4 h6 21. h5 Nh8 22. Bb1 Rc3 23. Rd3 Rfc8 24. Ne1 Rxd3 25.
Nxd3 Rc4 26. Nc5 Nc6 27. Nxe6 fxe6 28. Qxe6+ Kf8 29. Qd6+ Ke8 30. Qe6+ Kf8 31. Qd6+ Ke8 32. Qe6+ Kf8 1/2-1/2

[Event "Early-Titled-Tuesday-Blitz-February-20-2024"]
[Site "Chess.com"]
[Date "2024.02.20"]
[Round "1"]
[White "komogro"]
[Black "Denis_Makhnyov"]
[Result "0-1"]
[WhiteElo "2525"]
[BlackElo "3018"]
[TimeControl "180+1"]
[EndTime "8:06:40 PST"]
[Termination "Denis_Makhnyov won by resignation"]

1. Nf3 d5 2. g3 Nc6 3. Bg2 e5 4. O-O Nf6 5. c4 d4 6. e3 Be7 7. exd4 exd4 8. d3 O-O 9. Re1 Nd7 10. Nbd2 Nc5 11. Ne4 Ne6 12. h4 h6 13. a3 a5 14. Bf4 Nxf4 15. gxf4 Bxh4 16. Ng3 Be7 17. Qa4 Bd7 18. Qc2 Re8 19. Re2 Bd6 20. Rxe8+ Bxe8 21. Qd2 Qf6 22. Ne4 Qxf4 23. Nxd6 Qxd6 24. Re1 Bd7 25. Qd1 Rd8 26. Nd2 Qg6 27. Qf3 Bf5 28.
Ne4 Ne5 29. Qe2 Bg4 30. Qf1 Nf3+ 31. Bxf3 Bxf3+ 32. Ng3 h5 33. Qh3 Qxd3 34. Nxh5 Qg6+ 35. Ng3 d3 0-1

[Event "Early-Titled-Tuesday-Blitz-February-20-2024"]
[Site "Chess.com"]
[Date "2024.02.20"]
[Round "1"]
[White "baki83"]
[Black "GiorgianBarbosa"]
[Result "1-0"]
[WhiteElo "2905"]
[BlackElo "2504"]
[TimeControl "180+1"]
[EndTime "8:06:40 PST"]
[Termination "baki83 won by resignation"]

1. e4 c5 2. Nf3 g6 3. d4 cxd4 4. Qxd4 Nf6 5. Nc3 Nc6 6. Qa4 d6 7. e5 dxe5 8. Nxe5 Bd7 9. Nxd7 Nxd7 10. Bb5 Bg7 11. O-O O-O 12. Rd1 Qc8 13. Nd5 Re8 14.
Bg5 Nb6 15. Qa3 Nxd5 16. Rxd5 e6 17. Rdd1 a6 18. Bd3 Ne5 19. c3 b5 20. Be4 Rb8 21. Qb3 Nc4 22. Bh4 Qc5 23. Rab1 b4 24. Bg3 Rb6 25. cxb4 Rxb4 26. Qc2 Qb6 27. a3 Rxb2 28.
Qxc4 Rxb1 29. Rxb1 Qa5 30. Qb4 Qxb4 31. axb4 1-0

[Event "Early-Titled-Tuesday-Blitz-February-20-2024"]
[Site "Chess.com"]
[Date "2024.02.20"]
[Round "1"]
[White "Viacheslav92"]
[Black "BozeKat"]
[Result "0-1"]
[WhiteElo "2544"]
[BlackElo "2131"]
[TimeControl "180+1"]
[EndTime "8:06:40 PST"]
[Termination "BozeKat won by checkmate"]

1. e4 c6 2. d4 d5 3. Nc3 a6 4.
Nf3 Bg4 5. h3 Bh5 6. e5 e6 7. Ne2 Bxf3 8. gxf3 c5 9. Be3 cxd4 10.
Nxd4 Nc6 11. f4 g6 12. Qd2 Nge7 13. O-O-O Nxd4 14. Bxd4 Nf5 15. Kb1 Rc8 16. h4 h5 17.
Bh3 Nxd4 18. Qxd4 Bc5 19. Qd3 Bxf2 20. Bxe6 fxe6 21. Qxg6+ Kd7 22. f5 Qe7 23. Rhf1 Bxh4 24. fxe6+ Qxe6 25. Rf7+ Be7 26. Qg7 Rhg8 27. Qh7 Rg5 28.
c4 Rxe5 29. Rxd5+ Rxd5 30. cxd5 Qe1# 0-1

[Event "Early-Titled-Tuesday-Blitz-February-20-2024"]
[Site "Chess.com"]
[Date "2024.02.20"]
[Round "1"]
[White "LiamPutnam2008"]
[Black "nj123456"]
[Result "1-0"]
[WhiteElo "2803"]
[BlackElo "2448"]
[TimeControl "180+1"]
[EndTime "8:06:41 PST"]
[Termination "LiamPutnam2008 won by resignation"]

1. a3 d5 2. Nf3 Nf6 3. e3 e6 4.
b4 Be7 5. Bb2 O-O 6. c4 b6 7.
Nc3 Bb7 8. Rc1 Nbd7 9. cxd5 exd5 10. d4 a5 11. b5 Re8 12. Bd3 Bd6 13. O-O Nf8 14. h3 Ne4 15. Qb3 Ng6 16. Kh1 Nxc3 17. Rxc3 Nh4 18. Qd1 Qf6 19. Nxh4 Qxh4 20. Qf3 Re6 21.
Kg1 Rf6 22. Qg4 Qh6 23. Bc1 Bc8 24. Qe2 Qh4 25. e4 dxe4 26. Qxe4 Qxe4 27. Bxe4 Rb8 28. Be3 Bf5 29. Bxf5 Rxf5 30. a4 Re8 31. Rfc1 h6 32.
g4 Rf6 33. Kg2 Rfe6 34. Kf3 Rf6+ 35. Kg2 Rfe6 36. Rc6 Kh7 37. d5 Re4 38. Bxb6 cxb6 39. Rxd6 Rxa4 40. Rxb6 Rd4 41. d6 Rd8 42. Rcc6 a4 43. Ra6 Rd5 44. b6 a3 45. Rxa3 R5xd6 46. Rxd6 Rxd6 47. Rb3 Rd8 48. b7 Rb8 49. Kf3 Kg6 50.
Ke4 Kg5 51. Kd5 g6 52. Kc6 f5 53. gxf5 gxf5 54. Kc7 Rg8 55. Rg3+ 1-0

[Event "Early-Titled-Tuesday-Blitz-February-20-2024"]
[Site "Chess.com"]
[Date "2024.02.20"]
[Round "1"]
[White "renehp"]
[Black "Korchmar_Vasiliy"]
[Result "0-1"]
[WhiteElo "2420"]
[BlackElo "2769"]
[TimeControl "180+1"]
[EndTime "8:06:43 PST"]
[Termination "Korchmar_Vasiliy won on time"]

1. e4 c5 2. Nf3 d6 3. d4 cxd4 4. Nxd4 Nf6 5. Nc3 Nc6 6. Bc4 Qb6 7. Nxc6 bxc6 8. Bb3 g6 9. O-O Bg7 10. e5 dxe5 11.
Qe2 Ba6 12. Bc4 Bxc4 13. Qxc4 O-O 14. Be3 Qxb2 15. Rfc1 Qb7 16. Rab1 Qc8 17. Bc5 Re8 18. Rd1 Qf5 19. Rd2 h5 20. Rbd1 Bh6 21. Re2 Bg7 22. h3 e6 23. a4 a5 24. Bd6 Nd5 25. Ne4 Red8 26. Bc5 Nf4 27. Red2 Rd5 28. Be3 Rad8 29. Ng3 Qg5 30. h4 Qxh4 31. Qxc6 Qg4 32. Rxd5 exd5 33.
Rb1 h4 0-1

[Event "Early-Titled-Tuesday-Blitz-February-20-2024"]
[Site "Chess.com"]
[Date "2024.02.20"]
[Round "1"]
[White "JoliyRoger"]
[Black "Polish_fighter3000"]
[Result "0-1"]
[WhiteElo "2532"]
[BlackElo "3055"]
[TimeControl "180+1"]
[EndTime "8:06:47 PST"]
[Termination "Polish_fighter3000 won by resignation"]

1. d4 Nf6 2. c4 c5 3. d5 b5 4. cxb5 a6 5. e3 g6 6. Nc3 Bg7 7. Bc4 axb5 8. Bxb5 O-O 9. Nge2 e6 10.
O-O Bb7 11. e4 exd5 12. exd5 Na6 13. Bg5 h6 14. Bh4 Re8 15. Re1 Nb4 16. Bc4 g5 17. Bg3 Ne4 18. a3 Nxc3 19. bxc3 Ba6 20. Bxa6 Nxa6 21.
Rc1 Qa5 22. a4 c4 23. Nd4 Rxe1+ 24. Qxe1 Bxd4 25. cxd4 Qxe1+ 26. Rxe1 Nb4 27. h4 Nd3 28. Ra1 c3 29. Ra2 Rc8 30. Rc2 Nb4 31. Rc1 c2 32. Bf4 gxf4 0-1

[Event "Early-Titled-Tuesday-Blitz-February-20-2024"]
[Site "Chess.com"]
[Date "2024.02.20"]
[Round "1"]
[White "ChristopherYoo"]
[Black "ahmedkandiliii"]
[Result "0-1"]
[WhiteElo "2968"]
[BlackElo "2537"]
[TimeControl "180+1"]
[EndTime "8:06:49 PST"]
[Termination "ahmedkandiliii won by resignation"]

1. Nf3 Nf6 2. c4 g6 3. Nc3 d5 4. cxd5 Nxd5 5. h4 Nxc3 6. bxc3 Bg7 7. h5 O-O 8. Qa4 e5 9. hxg6 hxg6 10. Ba3 Re8 11. Ng5 e4 12. Nxe4 b5 13. Qc2 Bf5 14. d3 Bxe4 15. dxe4 a5 16. e3 b4 17. Bb2 Nc6 18.
Bb5 Re6 19. Bc4 Rd6 20. Bd5 Rb8 21. c4 b3 22. Qe2 bxa2 23. Rxa2 Nb4 24. Bxg7 Kxg7 25.
Ra1 c6 26. e5 Rxd5 27. cxd5 Qxd5 28. O-O Qxe5 29. Rfb1 Rh8 30. Qb2 Qxb2 31. Rxb2 Nd3 32. Rd2 Ne5 33. Rc2 Ra8 34. Rc5 Nd7 35. Rcxa5 Rb8 36.
Ra7 Nf6 37. Rc1 Rb6 38. Rc7 Rb2 39. R7xc6 Ne4 40. R6c2 0-1

[Event "Early-Titled-Tuesday-Blitz-February-20-2024"]
[Site "Chess.com"]
[Date "2024.02.20"]
[Round "1"]
[White "wonderfultime"]
[Black "zverr1"]
[Result "1-0"]
[WhiteElo "3066"]
[BlackElo "2533"]
[TimeControl "180+1"]
[EndTime "8:06:51 PST"]
[Termination "wonderfultime won by checkmate"]

1. d4 Nf6 2. Nf3 g6 3. c4 Bg7 4. g3 c6 5. Bg2 d5 6. b3 O-O 7. O-O a5 8. Nc3 Bf5 9. Bb2 Ne4 10. e3 Nxc3 11. Bxc3 Be4 12. Qe2 a4 13. Rfc1 Nd7 14. Bf1 axb3 15. axb3 Rxa1 16. Rxa1 c5 17. Nd2 cxd4 18.
exd4 Qb6 19. c5 Qe6 20. b4 b6 21. f3 bxc5 22. Ra6 Qf5 23. fxe4 dxe4 24. bxc5 Nxc5 25. Ra5 Rc8 26. Qe3 Qf6 27. Rxc5 Rxc5 28. dxc5 Qxc3 29. Qxc3 Bxc3 30. Nxe4 Bd4+ 31. Kg2 e5 32. c6 Bb6 33. Nf6+ Kg7 34. Nd5 Ba5 35. c7 Bxc7 36. Nxc7 f5 37. Kf3 Kf6 38. Bd3 h6 39. Nd5+ Ke6 40. Ne3 Kf6 41. Bc2 Ke6 42. Bb3+ Kf6 43. Nd5+ Kg5 44. h4+ Kh5 45. Nf6# 1-0

[Event "Early-Titled-Tuesday-Blitz-February-20-2024"]
[Site "Chess.com"]
[Date "2024.02.20"]
[Round "1"]
[White "tptagain"]
[Black "HajiyevKanan"]
[Result "1-0"]
[WhiteElo "2968"]
[BlackElo "2516"]
[TimeControl "180+1"]
[EndTime "8:06:51 PST"]
[Termination "tptagain won by resignation"]

1. Nf3 Nf6 2. c4 c6 3. Nc3 d5 4. e3 g6 5. d4 Bg7 6. Be2 O-O 7. O-O Ne4 8. a4 Bg4 9. Qb3 Qb6 10. Qc2 Bf5 11. Qd1 a5 12. cxd5 Nxc3 13. bxc3 cxd5 14. Ba3 Nc6 15. Nh4 Bd7 16. Rb1 Qc7 17. Qb3 Be6 18.
Qxb7 Rfc8 19. Bc5 Nd8 20. Qb3 Bf6 21. Nf3 Kg7 22. Rfc1 Bf5 23. Ra1 e6 24. c4 dxc4 25.
Bxc4 Be4 26. Nd2 Bc6 27. Bb5 Qb7 28. Bxc6 Qxb3 29. Nxb3 Rxc6 30. Rab1 e5 31. d5 Rcc8 32. Bb6 Nb7 33. Rxc8 Rxc8 34. Nxa5 Nxa5 35. Bxa5 Ra8 36. Rb5 Rc8 37. g4 Rc1+ 38. Kg2 e4 39. d6 Ra1 40. Rd5 Rxa4 41. d7 h5 42. g5 Be7 43. d8=Q Bxd8 44. Bxd8 Ra6 45. Bf6+ Kh7 46. Rd8 1-0

[Event "Early-Titled-Tuesday-Blitz-February-20-2024"]
[Site "Chess.com"]
[Date "2024.02.20"]
[Round "1"]
[White "MAGMAchess02"]
[Black "JiaHaoxiang"]
[Result "0-1"]
[WhiteElo "2238"]
[BlackElo "2609"]
[TimeControl "180+1"]
[EndTime "8:06:51 PST"]
[Termination "JiaHaoxiang won on time"]

1. e4 c5 2. Nc3 Nc6 3. Bb5 Nd4 4. Nf3 a6 5. Bd3 Nc6 6. O-O b5 7. Re1 Bb7 8. Nd5 e6 9. c3 d6 10. Ne3 Nf6 11. Bc2 Be7 12. d3 Qc7 13. a4 O-O 14. b3 b4 15. c4 Rfe8 16. Bb2 Rad8 17. d4 cxd4 18. Nxd4 Nd7 19. Qh5 Nxd4 20. Bxd4 g6 21.
Qh3 Bf6 22. Rad1 Bxd4 23. Rxd4 Nc5 24. Ng4 Qe7 25. Qf3 Kg7 26. Qf4 h5 27. Qh6+ Kg8 28. Ne3 Qf8 29. Qg5 e5 30. Rdd1 Ne6 31. Qg3 Nd4 32.
Bd3 Kh7 33. Nd5 Bxd5 34. exd5 f5 35. Qg5 Qh6 36. Qxh6+ Kxh6 37. Rb1 a5 38. Bf1 e4 39. g3 Nf3+ 40. Kg2 Nxe1+ 41. Rxe1 g5 42. Rc1 e3 43. fxe3 Rxe3 44. Rb1 Rc3 45. h3 Re8 46. Kg1 Rxg3+ 47.
Kh2 h4 0-1

[Event "Early-Titled-Tuesday-Blitz-February-20-2024"]
[Site "Chess.com"]
[Date "2024.02.20"]
[Round "1"]
[White "ProChessWICTH"]
[Black "BogdanDeac"]
[Result "0-1"]
[WhiteElo "2527"]
[BlackElo "3042"]
[TimeControl "180+1"]
[EndTime "8:06:54 PST"]
[Termination "BogdanDeac won by resignation"]

1. e4 c6 2. d4 d5 3. exd5 cxd5 4. Nf3 Nc6 5. h3 Bf5 6. c3 e6 7. Bd3 Bxd3 8. Qxd3 Bd6 9. O-O Nge7 10. Nbd2 O-O 11.
Re1 Ng6 12. Nf1 Qd7 13. N1h2 f6 14. Bd2 Rad8 15. Re2 Rfe8 16. Rae1 Nf4 17. Bxf4 Bxf4 18. Nf1 Qf7 19. N3d2 e5 20. dxe5 fxe5 21. c4 Nd4 22. cxd5 Nxe2+ 23. Qxe2 Bxd2 24. Nxd2 Qxd5 25. Nb3 e4 26.
Qe3 b6 27. Rc1 Rc8 28. Re1 h6 29. Nd4 Rcd8 30. Ne2 Qxa2 31. Qc3 Rc8 32. Qd4 Qc4 33. Qe3 Qd3 34. Qf4 e3 35. f3 Qd2 36. Kf1 Qxb2 37. Qf5 a5 38. Qd5+ Kh8 39. Qd3 a4 40. Rd1 a3 0-1